Map: Curious Minds LE

Players

Precog

  • Race: Terran Terran

TLHarstem (Harstem) - Winner!

  • Race: Zerg Zerg
  • League: Master

VOD

Have the link to the VOD?

Description

Time

  • Played on: Jan. 27, 2022, 10:55 a.m.
  • Length: 5:45
Show
View Real Time Build Order
Export as new Build Order

Precog Terran 

Build Orders: Liberator Opening, Reaper Expand 

Get SALT Encoding   

  12  0:00  SCV  
  13  0:12  SCV  
  14  0:17  Supply Depot  
  14  0:24  SCV  
  15  0:38  SCV  
  15  0:40  Barracks  
  16  0:48  Refinery  
  16  0:50  SCV  
  17  1:03  SCV  
  18  1:15  SCV  
  19  1:28  Orbital Command  
  19  1:32  Reaper  
  20  1:39  Command Center  
  20  1:52  Supply Depot  
  20  1:59  SCV  
  21  2:05  Marine  
  22  2:13  SCV  
  23  2:22  Factory  
  23  2:25  SCV  
  24  2:34  Supply Depot  
  24  2:37  SCV, Barracks Reactor  
  25  2:46  Refinery  
  25  2:50  SCV  
  26  2:58  Orbital Command  
  26  3:02  SCV  
  27  3:08  Starport  
  27  3:14  SCV  
  28  3:24  Barracks Tech Lab  
  28  3:26  SCV x2  
  29  3:38  SCV x2  
  31  3:43  Hellion x2  
  31  3:47  Liberator  
  38  3:49  Marine  
  38  3:50  SCV x2  
  41  4:02  SCV  
  42  4:04  Hellion x2  
  42  4:07  Marine  
  46  4:14  SCV  
  25  4:33  Orbital Command  
  18  4:55  Hellion  
  18  4:56  Marine  
  18  4:58  Hellion  
  22  5:06  Orbital Command  
  14  5:42  Factory Tech Lab  
Show
View Real Time Build Order
Export as new Build Order

TLHarstem Zerg - Winner!

Build Orders: Hatch First 

Get SALT Encoding   

  12  0:00  Drone  
  13  0:13  Overlord  
  13  0:17  Drone  
  14  0:31  Drone  
  14  0:32  Drone  
  16  0:49  Hatchery  
  15  0:51  Drone  
  15  0:54  Drone  
  17  0:58  Drone  
  18  1:08  Extractor  
  17  1:14  Spawning Pool  
  17  1:16  Drone  
  17  1:22  Drone  
  18  1:30  Drone  
  19  1:40  Drone  
  20  1:50  Drone  
  21  2:01  Queen x2  
  23  2:02  Zergling x4  
  27  2:12  Overlord  
  27  2:13  Drone  
  28  2:15  Roach Warren  
  28  2:22  Drone  
  28  2:31  Drone  
  28  2:33  Drone  
  28  2:34  Drone  
  31  2:45  Overlord x2  
  31  2:57  Roach  
  31  2:58  Roach  
  35  3:06  Roach x2  
  35  3:09  Roach x3  
  35  3:10  Roach  
  35  3:11  Roach  
  49  3:17  Roach  
  51  3:21  Overlord  
  51  3:37  Ravager  
  51  3:41  Drone x2  
  54  3:42  Drone  
  54  3:44  Hatchery  
  54  3:48  Drone  
  55  3:53  Drone  
  55  3:55  Overlord, Drone  
  57  4:01  Drone x2  
  57  4:02  Drone  
  60  4:11  Overlord  
  60  4:15  Drone x2  
  62  4:20  Drone  
  62  4:21  Metabolic Boost  
  61  4:36  Queen, Drone x2  
  61  4:37  Queen, Drone  
  68  4:40  Drone x3  
  68  4:42  Extractor  
  68  4:44  Extractor  
  69  4:52  Overlord  
  69  4:54  Extractor  
  69  4:55  Drone x2  
  69  4:57  Evolution Chamber  
  69  4:58  Evolution Chamber  
  69  4:59  Drone  
  69  5:02  Drone  
  70  5:08  Drone x2  
  70  5:09  Drone  
  73  5:15  Drone  
  73  5:16  Drone x3  
  73  5:19  Drone  
  78  5:28  Drone x3  
Tags
 
Add a new tag
Caveats
  • Supply blocks, unpowered buildings, or Contaminate may cause inaccurate times.
  • Supply counts are checked every 10 seconds.